AoeStats
← 皮革城走位

Oasis

509382097Analyzed
2v2 RM · 6d ago on Sep 26, 2026· 65m 57s· 4 players
Game mode
Random Map
Map size
Medium (4 player)
Population
200
Speed
Normal
Resources
Standard
Victory
Conquest
Starting age
Dark Age
Ending age
Imperial Age
RankedLock teamsTeams togetherTeam positionsShared explorationLock speedFull tech treeHidden civsTurbo modeCheats
Victory
Defeat
🇨🇳 Persians · China
647
+19
🇹🇷 Vietnamese · Türkiye
600
+20
🇨🇭 Teutons · Switzerland
715
-20
🇷🇸 Teutons · Serbia
696
-19
皮革城走位
9:42 Feudal Age
10:10 Double-Bit Axe
22:45 Castle Age
20:51 Stone Mining
22:31 Horse Collar
22:57 Gold Mining
23:12 Fletching
26:56 Stone Shaft Mining
26:35 Bow Saw
29:53 Town Watch
30:43 Husbandry
30:40 Bodkin Arrow
30:56 Forging
31:02 Heavy Plow
31:55 Gold Shaft Mining
35:08 Imperial Age
33:21 Bloodlines
33:11 Husbandry
34:21 Gold Shaft Mining
37:14 Chemistry
36:35 Ballistics
36:10 Murder Holes
36:27 Masonry
36:19 Bodkin Arrow
38:19 Town Patrol
38:26 Scale Barding Armor
38:32 Forging
38:24 Husbandry
39:17 Caravan
41:21 Two-Man Saw
41:01 Wheelbarrow
40:57 Crop Rotation
41:24 Elite War Elephant
42:22 Citadels
44:44 Hand Cart
46:48 Architecture
46:59 Iron Casting
46:44 Chain Barding Armor
48:14 Loom
53:47 Blast Furnace
53:22 Plate Barding Armor
64:28 Cavalier
sedatkaragoz55
15:44 Feudal Age
19:57 Castle Age
18:55 Padded Archer Armor
23:58 Fletching
24:17 Husbandry
25:39 Thumb Ring
24:59 Crossbowman
30:16 Chatras
37:02 Horse Collar
37:15 Gold Mining
37:15 Stone Mining
37:59 Bodkin Arrow
38:15 Forging
38:30 Leather Archer Armor
40:22 Loom
49:08 Imperial Age
48:36 Masonry
48:25 Murder Holes
49:05 Ballistics
48:28 Treadmill Crane
48:40 Guard Tower
50:38 Hoardings
50:56 Paper Money
52:18 Sappers
53:52 Elite Rattan Archer
56:50 Bodkin Arrow
57:26 Ring Archer Armor
57:32 Iron Casting
57:37 Bracer
63:59 Capped Ram
63:59 Onager
65:47 Chemistry
64:34 Arrowslits
64:40 Heated Shot
65:01 Fortified Wall
Amil YT
0:26 Loom
11:26 Feudal Age
12:42 Wheelbarrow
11:55 Double-Bit Axe
12:05 Horse Collar
18:07 Gold Mining
18:10 Stone Mining
26:47 Castle Age
32:35 Pikeman
33:42 Heavy Plow
38:21 Squires
40:04 Bow Saw
40:33 Stone Shaft Mining
41:35 Scale Mail Armor
48:40 Imperial Age
47:28 Fortified Wall
48:07 Hand Cart
48:42 Elite Teutonic Knight
49:45 Conscription
49:38 Cavalier
51:35 Chemistry
53:50 Chain Mail Armor
53:45 Forging
63:10 Halberdier
froe
0:44 Loom
12:49 Feudal Age
20:11 Castle Age
22:15 Horse Collar
22:29 Double-Bit Axe
24:32 Bow Saw
25:19 Scale Mail Armor
25:33 Forging
25:37 Heavy Plow
27:59 Wheelbarrow
27:09 Town Watch
32:08 Imperial Age
31:01 Wheelbarrow
30:12 Town Watch
32:22 Scale Barding Armor
33:55 Chemistry
33:43 Ballistics
34:49 Two-Man Saw
35:19 Hand Cart
35:06 Town Patrol
36:19 Fletching
36:29 Padded Archer Armor
37:05 Iron Casting
36:45 Chain Mail Armor
36:59 Siege Engineers
37:31 Caravan
37:48 Bodkin Arrow
38:08 Leather Archer Armor
37:22 Onager
38:13 Gold Mining
40:42 Bloodlines
41:12 Cavalier
42:56 Paladin
44:12 Ring Archer Armor
44:03 Chain Barding Armor
44:14 Plate Mail Armor
44:50 Siege Engineers
46:50 Blast Furnace
46:20 Plate Mail Armor
46:31 Plate Barding Armor
49:21 Fortified Wall
49:54 Ironclad
51:48 Squires
51:09 Pikeman
52:06 Halberdier
53:20 Gambesons
55:34 Plate Mail Armor
Connection lost

Rejoining the realm…

Still unreachable

The connection could not be restored.

Session expired

The server has moved on; the page needs a fresh start.